 Dungeon Crawl Stone Soup version 0.28.0-53-g5a82cb258f (webtiles) character file.

Game seed: 3267619979806891274

88 mcbry74 the Chopper (level 4, -9/39 HPs)
             Began as a Hill Orc Fighter on June 25, 2022.
             Engulfed by a cloud of flame (19 damage)
             ... on level 2 of the Dungeon.
             The game lasted 00:06:09 (2249 turns).

mcbry74 the Chopper (Hill Orc Fighter)              Turns: 2249, Time: 00:06:10

Health: -9/39      AC:  7    Str: 20    XL:     4   Next: 53%
Magic:  4/4        EV:  9    Int:  8    God:
Gold:   52         SH:  4    Dex: 10    Spells: 3/3 levels left

rFire   . . .      SeeInvis .   a - +0 war axe
rCold   . . .      Faith    .   c - +0 buckler
rNeg    . . .      Spirit   .   b - +0 scale mail
rPois   .          Reflect  .   (no helmet)
rElec   .          Harm     .   (no cloak)
rCorr   .          Rampage  .   (no gloves)
Will    .....                   (no boots)
Stlth   ..........              (no amulet)
HPRegen 0.13/turn               (no ring)
MPRegen 0.09/turn               (no ring)

@: no status effects
A: no striking features
a: no special abilities


You were on level 2 of the Dungeon.
You visited 1 branch of the dungeon, and saw 2 of its levels.

You collected 52 gold pieces.

Inventory:

Hand Weapons
 a - a +0 war axe (weapon)
 p - a +0 antimagic flail
Missiles
 l - 9 poisoned darts (quivered)
Armour
 b - a +0 scale mail (worn)
 c - a +0 buckler (worn)
Wands
 o - a wand of digging (3)
Scrolls
 e - a scroll of teleportation {unknown}
 k - a scroll of fog {unknown}
 m - a scroll of immolation {unknown}
 n - a scroll of enchant armour {unknown}
Potions
 d - a potion of might
 f - a potion of haste {unknown}
 g - a potion of mutation {unknown}
 h - a potion of degeneration {unknown}
 i - a potion of curing {unknown}
 j - 2 potions of lignification {unknown}


   Skills:
 - Level 3.6 Fighting
 * Level 4.8 Axes
 + Level 3.9 Armour
 + Level 4.0 Shields


You had 3 spell levels left.
You didn't know any spells.
Your spell library contained the following spells:

 Spells                   Type           Power      Damage    Failure   Level
 Beastly Appendage        Tmut           0%         N/A       85%         1
 Wereblood                Tmut           0%         N/A       94%         2
 Inner Flame              Hex/Fire       0%         N/A       99%         3
 Spider Form              Tmut/Pois      0%         N/A       99%         3
 Cause Fear               Hex            0%         N/A       100%        4
 Discord                  Hex            0%         N/A       100%        8


Dungeon Overview and Level Annotations

Branches:
Dungeon (2/15)

Altars:


Message History

An adder comes into view.
The adder hisses angrily.
You closely miss the adder. You block the adder's attack.
The adder closely misses you.
You barely miss the adder. The adder bites you but does no damage.
You hit the adder.
The adder is severely wounded.
The adder barely misses you. The adder bites you.
You closely miss the adder.
The adder is severely wounded.
The adder barely misses you. The adder bites you but does no damage.
You hit the adder but do no damage.
The adder is severely wounded.
The adder bites you but does no damage.
You slash the adder!
You kill the adder!
Found a ring mail.
You open the door.
You see here a +0 scale mail.
There is a stone staircase leading down here.
Found a stone staircase leading down.
Found a leather armour.
You see here a +0 dagger.
You see here a +0 leather armour.
Partly explored, can't reach some items and places.
Really walk into a travel-excluded area?
Really walk into that cloud of flame?
You are engulfed in blazing flames.
Ouch! That really hurt!
You start resting.
HP restored.
You're in a travel-excluded area, stopping explore.
Really walk into a travel-excluded area?
Really walk into that cloud of flame?
You are engulfed in blazing flames.
You are engulfed in blazing flames.
* * * LOW HITPOINT WARNING * * *
Really walk into that cloud of flame?
You are engulfed in blazing flames.
You die...

#...................# #.#
'...................###########.#
#.......####........'............
#.......# #........##.##########
#.......# #........##..#
#.......# ####...#####.#
#.......### #°§☼# #.# #.........#
#§§☼# #.# #########.# #○@§# #.#
#.#####...#####.#
#...○..[[...§○..#
#...§§..?$.§§§..#
##.§○○..(..☼§...#
######...#####.# #.§.# #.# #§§.#
#.# #○§§# #.#


There were no monsters in sight!

Vanquished Creatures
  Terence (D:2)
  An adder (D:2)
  A worm (D:2)
  5 dart slugs
  5 endoplasms
  3 giant cockroaches (D:1)
  A hobgoblin (D:1)
  A quokka (D:2)
  4 ball pythons
  4 bats (D:1)
  5 frilled lizards
  5 goblins
  6 kobolds
  3 rats (D:1)
45 creatures vanquished.

Notes
Turn   | Place    | Note
-------+----------+-------------------------------------------
     0 | D:1      | mcbry74 the Hill Orc Fighter began the quest for the Orb.
     0 | D:1      | Reached XP level 1. HP: 19/19 MP: 1/1
   184 | D:1      | Reached XP level 2. HP: 16/26 MP: 2/2
   747 | D:1      | Reached XP level 3. HP: 31/31 MP: 3/3
  1596 | D:2      | Noticed Terence
  1611 | D:2      | Killed Terence
  1612 | D:2      | Reached XP level 4. HP: 13/39 MP: 0/4
  2249 | D:2      | Engulfed by a cloud of flame

Illustrated notes

Levels and vault maps discovered:
D:1:      roderic_dead_forest, layout_basic
D:2:      layout_basic, lemuel_flame_loot_1, uniq_terence

Skill      XL: |  1  2  3 |
---------------+----------+-----
Axes           | 3 4 |  4.8
Shields        | 4 |  4.0
Fighting       | |  3.6
Armour         | |  3.9

Action                   |  1- 3 |  4- 6 || total
-------------------------+-------+-------++-------
Melee: War axe           |   112 |     6 ||   118
Armor: Scale mail        |    48 |     3 ||    51
Dodge: Dodged            |    47 |     3 ||    50
Block: Buckler           |    29 |     1 ||    30
